| TOP OF THE 1ST |
|
Missoula Osprey batting - Pitching for San Francisco (APP) Giants : LHP Mike del Rio
|
|
Pitching: LHP Mike del Rio
|
|
|
Batting: SHB Blaine Peters
|
0-0: Fly out, F9 (Flyball, 9D, EV 74.4 MPH)
|
|
Batting: RHB Ernesto Zamora
|
0-0: Ball 1-0: Ball 2-0: Ground out 5-3 (Groundball, 56, EV 108.1 MPH)
|
|
Batting: RHB Antonio Luisa
|
0-0: Fly out, F7 (Flyball, 7D, EV 108.1 MPH)
|
| Top of the 1st over - 0 runs, 0 hits, 0 errors, 0 left on base; Missoula 0 - San Francisco (APP) 0 |
| BOTTOM OF THE 1ST |
|
San Francisco (APP) Giants batting - Pitching for Missoula Osprey : RHP Alex Andrade
|
|
Pitching: RHP Alex Andrade
|
|
|
Batting: RHB Ryan Bentz
|
0-0: Ground out 4-3 (Groundball, 4, EV 94.4 MPH)
|
|
Batting: SHB David Barona
|
0-0: Ball 1-0: Called Strike 1-1: Ground out 4-3 (Groundball, 4, EV 101.2 MPH)
|
|
Batting: RHB Jason Gregor
|
0-0: Ball 1-0: Foul Ball, location: 2F 1-1: Foul Ball, location: 2F 1-2: Ball 2-2: Foul Ball, location: 2F 2-2: Ball 3-2: Ground out 6-3 (Groundball, 6, EV 103.8 MPH)
|
| Bottom of the 1st over - 0 runs, 0 hits, 0 errors, 0 left on base; Missoula 0 - San Francisco (APP) 0 |
| TOP OF THE 2ND |
|
Missoula Osprey batting - Pitching for San Francisco (APP) Giants : LHP Mike del Rio
|
|
Batting: SHB Evan Armagost
|
0-0: Called Strike 0-1: Foul Ball, location: 2F 0-2: Foul Ball, location: 2F 0-2: Foul Ball, location: 2F 0-2: DOUBLE (Flyball, 89D, EV 108.8 MPH)
|
|
Batting: LHB Enrique Ponce
|
0-0: Ball 1-0: Ball 2-0: Called Strike 2-1: Swinging Strike 2-2: Foul Ball, location: 2F 2-2: Ball 3-2: Foul Ball, location: 2F 3-2: Base on Balls
|
|
Batting: SHB Lee Dillon
|
0-0: Swinging Strike 0-1: Called Strike 0-2: Ball 1-2: Ball 2-2: Foul Ball, location: 2F 2-2: Foul Ball, location: 2F 2-2: Foul Ball, location: 2F 2-2: Foul Ball, location: 2F 2-2: Foul Ball, location: 2F 2-2: DOUBLE (Line Drive, 9LD, EV 110.0 MPH) Evan Armagost scores Enrique Ponce to third
|
|
Batting: LHB Tae-geun Kwang
|
0-0: Ball 1-0: Called Strike 1-1: Foul Ball, location: 2F 1-2: Strikes out swinging
|
|
Batting: RHB Sergio Manzanero
|
0-0: Called Strike 0-1: Swinging Strike 0-2: Foul Ball, location: 2F 0-2: Ball 1-2: Ball 2-2: Foul Ball, location: 2F 2-2: Ball 3-2: Foul Ball, location: 2F 3-2: Ground out 3-1 (Groundball, 34S, EV 81.9 MPH) Enrique Ponce scores Lee Dillon to third
|
|
Batting: RHB Zach Espinosa
|
0-0: Ball 1-0: DOUBLE (Flyball, 8RXD, EV 95.6 MPH) Lee Dillon scores
|
|
Batting: SHB Blaine Peters
|
0-0: Called Strike 0-1: Foul Ball, location: 2F 0-2: Strikes out swinging
|
| Top of the 2nd over - 3 runs, 3 hits, 0 errors, 1 left on base; Missoula 3 - San Francisco (APP) 0 |
| BOTTOM OF THE 2ND |
|
San Francisco (APP) Giants batting - Pitching for Missoula Osprey : RHP Alex Andrade
|
|
Batting: LHB Jared Paige
|
0-0: Ball 1-0: Called Strike 1-1: Ball 2-1: Ball 3-1: Base on Balls
|
|
Batting: LHB Al Hernandez
|
0-0: Ball 1-0: Called Strike 1-1: Fly out, F9 (Flyball, 9S, EV 83.1 MPH)
|
|
Batting: RHB Edwin Verdugo
|
0-0: Fielders Choice at 2nd, 4-6 (Groundball, 34, EV 85.6 MPH)
|
|
Batting: RHB Teruhide Horiuchi
|
0-0: Called Strike 0-1: Called Strike 0-2: SINGLE (Line Drive, 34D, EV 97.5 MPH) Edwin Verdugo to second Edwin Verdugo to third
|
|
Batting: RHB Billy Pranger
|
0-0: Foul Ball, location: 2F 0-1: Ball 1-1: Ball 2-1: SINGLE (Line Drive, 7S, EV 107.5 MPH) Edwin Verdugo scores Teruhide Horiuchi to second
|
|
Batting: RHB Alexis Andrade
|
0-0: Ball 1-0: Called Strike 1-1: Swinging Strike 1-2: Strikes out swinging
|
| Bottom of the 2nd over - 1 run, 2 hits, 0 errors, 2 left on base; Missoula 3 - San Francisco (APP) 1 |
| TOP OF THE 3RD |
|
Missoula Osprey batting - Pitching for San Francisco (APP) Giants : LHP Mike del Rio
|
|
Batting: RHB Ernesto Zamora
|
0-0: Ball 1-0: Fly out, F9 (Line Drive, 9, EV 86.9 MPH)
|
|
Batting: RHB Antonio Luisa
|
0-0: Ball 1-0: Ball 2-0: Called Strike 2-1: Called Strike 2-2: Ground out 6-3 (Groundball, 6, EV 81.2 MPH)
|
|
Batting: SHB Evan Armagost
|
0-0: Ball 1-0: Ball 2-0: Ball 3-0: Base on Balls
|
|
Batting: LHB Enrique Ponce
|
0-0: Called Strike 0-1: Ball Wild Pitch! Evan Armagost to second 1-1: Swinging Strike 1-2: Strikes out swinging
|
| Top of the 3rd over - 0 runs, 0 hits, 0 errors, 1 left on base; Missoula 3 - San Francisco (APP) 1 |
| BOTTOM OF THE 3RD |
|
San Francisco (APP) Giants batting - Pitching for Missoula Osprey : RHP Alex Andrade
|
|
Batting: RHB Ryan Bentz
|
0-0: Called Strike 0-1: Foul Ball, location: 2F 0-2: Ground out 5-3 (Groundball, 56S, EV 92.5 MPH)
|
|
Batting: SHB David Barona
|
0-0: Ball 1-0: Swinging Strike 1-1: Ball 2-1: Foul Ball, location: 2F 2-2: Strikes out swinging
|
|
Batting: RHB Jason Gregor
|
0-0: Foul Ball, location: 2F 0-1: Ball 1-1: Ground out 5-3 (Groundball, 56, EV 81.9 MPH)
|
| Bottom of the 3rd over - 0 runs, 0 hits, 0 errors, 0 left on base; Missoula 3 - San Francisco (APP) 1 |
| TOP OF THE 4TH |
|
Missoula Osprey batting - Pitching for San Francisco (APP) Giants : LHP Mike del Rio
|
|
Batting: SHB Lee Dillon
|
0-0: Swinging Strike 0-1: Ground out U3 (Groundball, 34, EV 81.9 MPH)
|
|
Batting: LHB Tae-geun Kwang
|
0-0: Swinging Strike 0-1: Called Strike 0-2: Strikes out swinging
|
|
Batting: RHB Sergio Manzanero
|
0-0: Called Strike 0-1: Ball 1-1: Fly out, F1 (Line Drive, P, EV 61.9 MPH)
|
| Top of the 4th over - 0 runs, 0 hits, 0 errors, 0 left on base; Missoula 3 - San Francisco (APP) 1 |
| BOTTOM OF THE 4TH |
|
San Francisco (APP) Giants batting - Pitching for Missoula Osprey : RHP Alex Andrade
|
|
Batting: LHB Jared Paige
|
0-0: Ball 1-0: Fly out, F8 (Flyball, 89D, EV 99.4 MPH)
|
|
Batting: LHB Al Hernandez
|
0-0: Ball 1-0: Ball 2-0: Ball 3-0: Base on Balls
|
|
Batting: RHB Edwin Verdugo
|
0-0: Foul Ball, location: 2F 0-1: Ball 1-1: Called Strike 1-2: Strikes out swinging
|
|
Batting: RHB Teruhide Horiuchi
|
0-0: Ball 1-0: Called Strike 1-1: Called Strike 1-2: Ball 2-2: Hit by Pitch Al Hernandez to second
|
|
Batting: RHB Billy Pranger
|
0-0: Ball 1-0: Ball 2-0: Fly out, F6 (Line Drive, 6, EV 69.4 MPH)
|
| Bottom of the 4th over - 0 runs, 0 hits, 0 errors, 2 left on base; Missoula 3 - San Francisco (APP) 1 |
| TOP OF THE 5TH |
|
Missoula Osprey batting - Pitching for San Francisco (APP) Giants : LHP Mike del Rio
|
|
Batting: RHB Zach Espinosa
|
0-0: SOLO HOME RUN (Flyball, 9LD, EV 95.6 MPH), Distance : 344 ft
|
|
Batting: SHB Blaine Peters
|
0-0: Ball 1-0: Foul Ball, location: 2F 1-1: Foul Ball, location: 2F 1-2: Ball 2-2: Ball 3-2: Foul Ball, location: 2F 3-2: SINGLE (Groundball, 56D, EV 105.6 MPH)
|
|
Pitching: RHP Corey Cauley
|
|
|
Batting: RHB Ernesto Zamora
|
0-0: Ball 1-0: Ball 2-0: Called Strike 2-1: Ball 3-1: Fly out, F5 (Line Drive, 5, EV 68.8 MPH)
|
|
Batting: RHB Antonio Luisa
|
0-0: Called Strike 0-1: Swinging Strike 0-2: Ball 1-2: Foul Ball, location: 2F 1-2: Ball 2-2: Strikes out swinging
|
|
Batting: SHB Evan Armagost
|
0-0: Hit by Pitch Blaine Peters to second
|
|
Batting: LHB Enrique Ponce
|
0-0: Ball 1-0: Ball 2-0: Ball 3-0: Called Strike 3-1: Swinging Strike 3-2: Strikes out looking
|
| Top of the 5th over - 1 run, 2 hits, 0 errors, 2 left on base; Missoula 4 - San Francisco (APP) 1 |
| BOTTOM OF THE 5TH |
|
San Francisco (APP) Giants batting - Pitching for Missoula Osprey : RHP Alex Andrade
|
|
Batting: RHB Alexis Andrade
|
0-0: Ball 1-0: Swinging Strike 1-1: Ball 2-1: Foul Ball, location: 2F 2-2: SINGLE (Groundball, 6MD, EV 106.9 MPH)
|
|
Batting: RHB Ryan Bentz
|
0-0: Foul Ball, location: 2F 0-1: Ball 1-1: Ball 2-1: Ball 3-1: Foul Ball, location: 2F 3-2: Strikes out swinging
|
|
Batting: SHB David Barona
|
0-0: Ball 1-0: Called Strike 1-1: Ball 2-1: Ball 3-1: Foul Ball, location: 2F 3-2: Base on Balls Alexis Andrade to second
|
|
Batting: RHB Jason Gregor
|
0-0: Ball 1-0: Called Strike 1-1: Ball 2-1: Called Strike 2-2: Ball 3-2: Base on Balls Alexis Andrade to third David Barona to second
|
|
Batting: LHB Jared Paige
|
0-0: Called Strike 0-1: Ball 1-1: Called Strike 1-2: Ball 2-2: Ball 3-2: Grounds into double play, 6-4-3 (Groundball, 6, EV 83.1 MPH)
|
| Bottom of the 5th over - 0 runs, 1 hit, 0 errors, 2 left on base; Missoula 4 - San Francisco (APP) 1 |
| TOP OF THE 6TH |
|
Missoula Osprey batting - Pitching for San Francisco (APP) Giants : RHP Corey Cauley
|
|
Batting: SHB Lee Dillon
|
0-0: Called Strike 0-1: Foul Ball, location: 2F 0-2: Ball 1-2: Foul Ball, location: 2F 1-2: Ball 2-2: SINGLE (Line Drive, 9S, EV 105.0 MPH)
|
|
Pitching: RHP Chance Robinson
|
|
|
Batting: LHB Tae-geun Kwang
|
0-0: Swinging Strike 0-1: Ball 1-1: Ball 2-1: Grounds into double play, U6-3 (Groundball, 4M, EV 81.2 MPH)
|
|
Batting: RHB Sergio Manzanero
|
0-0: Ball 1-0: Ball 2-0: Foul Ball, location: 2F 2-1: Ball 3-1: Called Strike 3-2: Strikes out swinging
|
| Top of the 6th over - 0 runs, 1 hit, 0 errors, 0 left on base; Missoula 4 - San Francisco (APP) 1 |
| BOTTOM OF THE 6TH |
|
San Francisco (APP) Giants batting - Pitching for Missoula Osprey : RHP Alex Andrade
|
|
Pitching: RHP John Petersen
|
|
|
Batting: LHB Al Hernandez
|
0-0: Called Strike 0-1: Ball 1-1: Ball 2-1: Ball 3-1: Called Strike 3-2: Base on Balls
|
|
Batting: RHB Edwin Verdugo
|
0-0: Ball 1-0: Called Strike 1-1: Called Strike 1-2: Reached on error, E3 (Groundball, 34, EV 87.5 MPH) Al Hernandez to second
|
|
Batting: RHB Teruhide Horiuchi
|
0-0: Ball 1-0: Ball 2-0: Foul Ball, location: 2F 2-1: Ball 3-1: Base on Balls Al Hernandez to third Edwin Verdugo to second
|
|
Batting: RHB Billy Pranger
|
0-0: SINGLE (Line Drive, 6M, EV 94.4 MPH) Al Hernandez scores Edwin Verdugo to third Teruhide Horiuchi to second
|
|
Pinch Hitting: RHB Jeremy Bailey
|
0-0: Foul Ball, location: 2F 0-1: Ball 1-1: Foul Ball, location: 2F 1-2: Ball 2-2: Ball 3-2: SINGLE (Groundball, 6D, EV 102.5 MPH) Edwin Verdugo scores Teruhide Horiuchi to third Billy Pranger to second
|
|
Batting: RHB Ryan Bentz
|
0-0: TRIPLE (Groundball, 3L, EV 95.0 MPH) Teruhide Horiuchi scores Billy Pranger scores Jeremy Bailey scores
|
|
Pitching: RHP Tom Alatas
|
|
|
Batting: SHB David Barona
|
0-0: Ball 1-0: Called Strike 1-1: Foul Ball, location: 2F 1-2: Ball 2-2: Strikes out swinging
|
|
Batting: RHB Jason Gregor
|
0-0: Called Strike 0-1: Ball 1-1: Ball 2-1: SINGLE (Line Drive, 56D, EV 95.0 MPH) Ryan Bentz scores
|
|
Batting: LHB Jared Paige
|
0-0: Called Strike 0-1: Foul Ball, location: 2F 0-2: Strikes out swinging
|
|
Batting: LHB Al Hernandez
|
0-0: Called Strike 0-1: Called Strike 0-2: Ball 1-2: Foul Ball, location: 2F 1-2: Ground out 1-3 (Groundball, 23, EV 71.9 MPH)
|
| Bottom of the 6th over - 6 runs, 4 hits, 1 error, 1 left on base; Missoula 4 - San Francisco (APP) 7 |
| TOP OF THE 7TH |
|
Missoula Osprey batting - Pitching for San Francisco (APP) Giants : RHP Chance Robinson
|
|
Pitching: RHP Hiroaki Yazawa
|
|
|
Now at SS: Dave Putnam
|
|
|
Batting: RHB Zach Espinosa
|
0-0: Swinging Strike 0-1: Foul Ball, location: 2F 0-2: Ball 1-2: Strikes out swinging
|
|
Batting: SHB Blaine Peters
|
0-0: Ball 1-0: Foul Ball, location: 2F 1-1: Called Strike 1-2: Ball 2-2: Strikes out swinging
|
|
Batting: RHB Ernesto Zamora
|
0-0: Called Strike 0-1: Ball 1-1: Swinging Strike 1-2: Strikes out swinging
|
| Top of the 7th over - 0 runs, 0 hits, 0 errors, 0 left on base; Missoula 4 - San Francisco (APP) 7 |
| BOTTOM OF THE 7TH |
|
San Francisco (APP) Giants batting - Pitching for Missoula Osprey : RHP Tom Alatas
|
|
Batting: RHB Edwin Verdugo
|
0-0: Foul Ball, location: 2F 0-1: DOUBLE (Line Drive, 9LM, EV 103.8 MPH)
|
|
Batting: RHB Teruhide Horiuchi
|
0-0: Called Strike 0-1: Ground out 4-3 (Groundball, 4, EV 90.6 MPH) Edwin Verdugo to third
|
|
Batting: RHB Billy Pranger
|
0-0: Ball 1-0: Foul Ball, location: 2F 1-1: Called Strike 1-2: Strikes out looking
|
|
Batting: RHB Dave Putnam
|
0-0: Called Strike 0-1: Ball 1-1: Ball 2-1: Ball 3-1: Base on Balls
|
|
Batting: RHB Ryan Bentz
|
0-0: Ball 1-0: Ball 2-0: Foul Ball, location: 2F 2-1: Foul Ball, location: 2F 2-2: Fly out, F4 (Line Drive, 4, EV 70.6 MPH)
|
| Bottom of the 7th over - 0 runs, 1 hit, 0 errors, 2 left on base; Missoula 4 - San Francisco (APP) 7 |
| TOP OF THE 8TH |
|
Missoula Osprey batting - Pitching for San Francisco (APP) Giants : RHP Hiroaki Yazawa
|
|
Pitching: RHP Lorenzo de Jesus
|
|
|
Batting: RHB Antonio Luisa
|
0-0: Foul Ball, location: 2F 0-1: Ground out 4-3 (Groundball, 4, EV 85.6 MPH)
|
|
Batting: SHB Evan Armagost
|
0-0: Called Strike 0-1: Foul Ball, location: 2F 0-2: Strikes out looking
|
|
Batting: LHB Enrique Ponce
|
0-0: Ball 1-0: Foul Ball, location: 2F 1-1: Foul Ball, location: 2F 1-2: Ball 2-2: Strikes out swinging
|
| Top of the 8th over - 0 runs, 0 hits, 0 errors, 0 left on base; Missoula 4 - San Francisco (APP) 7 |
| BOTTOM OF THE 8TH |
|
San Francisco (APP) Giants batting - Pitching for Missoula Osprey : RHP Tom Alatas
|
|
Pitching: RHP Rick Foster
|
|
|
Batting: SHB David Barona
|
0-0: Called Strike 0-1: Ball 1-1: Swinging Strike 1-2: Ball 2-2: Foul Ball, location: 2F 2-2: Strikes out looking
|
|
Batting: RHB Jason Gregor
|
0-0: Called Strike 0-1: Fly out, F8 (Flyball, 8LS, EV 75.6 MPH)
|
|
Batting: LHB Jared Paige
|
0-0: Ball 1-0: Ball 2-0: Ball 3-0: Base on Balls
|
|
Batting: LHB Al Hernandez
|
0-0: Called Strike Jared Paige steals 2nd base 0-1: Ball 1-1: Foul Ball, location: 2F 1-2: Ground out U3 (Groundball, 23, EV 83.1 MPH)
|
| Bottom of the 8th over - 0 runs, 0 hits, 0 errors, 1 left on base; Missoula 4 - San Francisco (APP) 7 |
| TOP OF THE 9TH |
|
Missoula Osprey batting - Pitching for San Francisco (APP) Giants : RHP Lorenzo de Jesus
|
|
Pitching: RHP Filip Nebylitsin
|
|
|
Batting: SHB Lee Dillon
|
0-0: Foul Ball, location: 2F 0-1: Ball 1-1: Ball 2-1: Ground out 6-3 (Groundball, 56, EV 104.4 MPH)
|
|
Batting: LHB Tae-geun Kwang
|
0-0: Called Strike 0-1: Swinging Strike 0-2: Strikes out swinging
|
|
Batting: RHB Sergio Manzanero
|
0-0: Ball 1-0: Ball 2-0: TRIPLE (Flyball, 89XD, EV 97.5 MPH)
|
|
Batting: RHB Zach Espinosa
|
0-0: Ball 1-0: Called Strike 1-1: Foul Ball, location: 2F 1-2: Ground out 3-1 (Groundball, 34, EV 86.2 MPH)
|
| Top of the 9th over - 0 runs, 1 hit, 0 errors, 1 left on base; Missoula 4 - San Francisco (APP) 7 |
|